[ AOE2 MATCH · #484024888 ]
UnrankedByzantines vs None
Player's team · LOSS
Rival team · WIN
[ REPLAY ANALYSIS · EXTRACTED FROM THE RECORDED GAME ]
Feudal
—
Castle
—
Imperial
—
| APM avg | 24.7 |
| APM peak | 55 |
| eAPM avg | 17.7 |
| Villagers / military | 0 / 1786 |
Focus
⚔️ 84.9% · 🌾 15.1%
Camel Scout ×1576 · Archer ×125 · Skirmisher ×85
Feudal
—
Castle
—
Imperial
—
| APM avg | 44.9 |
| APM peak | 70 |
| eAPM avg | 28.3 |
| Villagers / military | 0 / 681 |
Focus
⚔️ 98.0% · 🌾 2.0%
Knight ×386 · Archer ×200 · Battering Ram ×95
Feudal
—
Castle
—
Imperial
—
| APM avg | 29.6 |
| APM peak | 56 |
| eAPM avg | 11.1 |
| Villagers / military | 0 / 606 |
Focus
⚔️ 96.9% · 🌾 3.1%
Cavalry Archer ×606
Feudal
—
Castle
—
Imperial
—
| APM avg | 28.7 |
| APM peak | 56 |
| eAPM avg | 18.7 |
| Villagers / military | 0 / 660 |
Focus
⚔️ 76.3% · 🌾 23.7%
Unknown (882) ×624 · Archer ×610 · Militia ×49 · Spearman ×1
Feudal
—
Castle
—
Imperial
—
| APM avg | 19.7 |
| APM peak | 44 |
| eAPM avg | 7.8 |
| Villagers / military | 0 / 9 |
Focus
⚔️ 56.2% · 🌾 43.8%
Battering Ram ×9
Feudal
—
Castle
—
Imperial
—
| APM avg | 26.9 |
| APM peak | 59 |
| eAPM avg | 7.2 |
| Villagers / military | 0 / 247 |
Focus
⚔️ 93.1% · 🌾 6.9%
Knight ×247
Feudal
—
Castle
—
Imperial
—
| APM avg | 19.9 |
| APM peak | 63 |
| eAPM avg | 9.5 |
| Villagers / military | 0 / 176 |
Focus
⚔️ 93.9% · 🌾 6.1%
Hand Cannoneer ×95 · Archer ×81
Feudal
—
Castle
—
Imperial
—
| APM avg | 34.4 |
| APM peak | 87 |
| eAPM avg | 23.3 |
| Villagers / military | 0 / 1056 |
Focus
⚔️ 93.0% · 🌾 7.0%
Knight ×682 · Cavalry Archer ×369 · Skirmisher ×5
Match map
Initial resources + every placement click. Lines = walls · curves = elevation contours. ◆ gold · ⬟ stone · ● berries · ✦ relic · ◌ wall gap
Your base· Open
Aytoonj's base· Open
Gullmack's base· Open
Wicho's base· ✓ Map-separated
mastercuy835's base· Open
TINCHAN's base· ✓ Map-separated
DD2E Antares de la Luz's base· Open
Monkey's base· Open
Smoothed initial terrain · ◌ = detected wall gap · hover for details
Inputs per minute
— Aegis - - Aytoonj
Build order — Aegis
First 150 of 427 actions detected
| 7:44 | Build | Stable |
| 7:45 | Build | Stable |
| 7:46 | Build | Stable |
| 7:47 | Build | Stable |
| 7:58 | Build | Stable |
| 7:59 | Build | Stable |
| 8:01 | Build | Stable |
| 8:03 | Build | Stable |
| 8:15 | Build | Stable |
| 8:17 | Build | Stable |
| 8:22 | Build | Stable |
| 8:25 | Build | Stable |
| 8:27 | Build | Stable |
| 8:28 | Build | Stable |
| 8:29 | Build | Stable |
| 8:32 | Build | Stable |
| 8:34 | Build | Stable |
| 13:26 | Build | Stable |
| 13:29 | Build | Stable |
| 13:30 | Build | Stable |
| 13:31 | Build | Stable |
| 13:32 | Build | Stable |
| 14:38 | Research | Husbandry |
| 14:39 | Queue | Camel Scout ×5 |
| 14:39 | Queue | Camel Scout ×5 |
| 14:39 | Queue | Camel Scout ×5 |
| 14:40 | Queue | Camel Scout ×5 |
| 14:40 | Queue | Camel Scout ×5 |
| 14:40 | Queue | Camel Scout ×5 |
| 14:40 | Queue | Camel Scout ×5 |
| 14:40 | Queue | Camel Scout ×5 |
| 14:40 | Queue | Camel Scout ×5 |
| 14:40 | Queue | Camel Scout ×5 |
| 14:41 | Queue | Camel Scout ×5 |
| 14:41 | Queue | Camel Scout ×5 |
| 14:41 | Queue | Camel Scout ×5 |
| 14:41 | Queue | Camel Scout ×5 |
| 14:41 | Queue | Camel Scout ×5 |
| 14:41 | Queue | Camel Scout ×5 |
| 14:41 | Queue | Camel Scout ×5 |
| 14:42 | Queue | Camel Scout ×5 |
| 14:42 | Queue | Camel Scout ×5 |
| 14:42 | Queue | Camel Scout ×5 |
| 14:42 | Queue | Camel Scout ×5 |
| 14:42 | Queue | Camel Scout ×5 |
| 14:42 | Queue | Camel Scout ×5 |
| 14:43 | Queue | Camel Scout ×5 |
| 14:43 | Queue | Camel Scout ×5 |
| 14:43 | Queue | Camel Scout ×5 |
| 14:43 | Queue | Camel Scout ×5 |
| 14:43 | Queue | Camel Scout ×5 |
| 14:43 | Queue | Camel Scout ×5 |
| 14:43 | Queue | Camel Scout ×5 |
| 14:44 | Queue | Camel Scout ×5 |
| 14:44 | Queue | Camel Scout ×5 |
| 15:02 | Research | Greek Fire |
| 15:06 | Research | Chain Barding Armor |
| 15:06 | Research | Iron Casting |
| 15:07 | Research | Chain Mail Armor |
| 15:07 | Research | Bodkin Arrow |
| 15:07 | Research | Leather Archer Armor |
| 15:09 | Research | Treadmill Crane |
| 15:10 | Research | Ballistics |
| 15:10 | Research | Guard Tower (upgrade) |
| 15:11 | Research | Tech 909 |
| 15:11 | Research | Tech 908 |
| 15:12 | Research | Careening |
| 15:16 | Queue | Camel Scout ×5 |
| 15:16 | Queue | Camel Scout ×5 |
| 15:16 | Queue | Camel Scout ×5 |
| 15:17 | Queue | Camel Scout ×5 |
| 15:18 | Queue | Camel Scout ×5 |
| 15:18 | Queue | Camel Scout ×5 |
| 15:18 | Queue | Camel Scout ×5 |
| 15:19 | Queue | Camel Scout ×5 |
| 15:19 | Queue | Camel Scout ×5 |
| 15:19 | Queue | Camel Scout ×5 |
| 15:19 | Queue | Camel Scout ×5 |
| 15:20 | Queue | Camel Scout ×5 |
| 15:20 | Queue | Camel Scout ×5 |
| 15:20 | Queue | Camel Scout ×5 |
| 15:21 | Queue | Camel Scout ×5 |
| 15:21 | Queue | Camel Scout ×5 |
| 15:21 | Queue | Camel Scout ×5 |
| 15:22 | Queue | Camel Scout ×5 |
| 15:22 | Queue | Camel Scout ×5 |
| 15:22 | Queue | Camel Scout ×5 |
| 16:10 | Build | Archery Range |
| 16:11 | Build | Archery Range |
| 16:12 | Build | Archery Range |
| 16:14 | Build | Archery Range |
| 16:17 | Build | Archery Range |
| 16:57 | Queue | Camel Scout ×5 |
| 16:57 | Queue | Camel Scout ×5 |
| 16:57 | Queue | Camel Scout ×5 |
| 16:58 | Queue | Camel Scout ×5 |
| 16:58 | Queue | Camel Scout ×5 |
| 16:58 | Queue | Camel Scout ×5 |
| 16:59 | Queue | Camel Scout ×5 |
| 16:59 | Queue | Camel Scout ×5 |
| 16:59 | Queue | Camel Scout ×5 |
| 17:00 | Queue | Camel Scout ×5 |
| 17:00 | Queue | Camel Scout ×5 |
| 17:00 | Queue | Camel Scout ×5 |
| 17:01 | Queue | Camel Scout ×5 |
| 17:01 | Queue | Camel Scout ×5 |
| 17:01 | Queue | Camel Scout ×5 |
| 17:01 | Queue | Camel Scout ×5 |
| 17:33 | Queue | Camel Scout ×5 |
| 17:33 | Queue | Camel Scout ×5 |
| 17:33 | Queue | Camel Scout ×5 |
| 17:34 | Queue | Camel Scout ×5 |
| 17:34 | Queue | Camel Scout ×5 |
| 18:03 | Research | Crossbowman (upgrade) |
| 18:03 | Research | Thumb Ring |
| 18:09 | Queue | Archer ×5 |
| 18:09 | Queue | Archer ×5 |
| 18:09 | Queue | Archer ×5 |
| 18:09 | Queue | Archer ×5 |
| 18:09 | Queue | Archer ×5 |
| 18:09 | Queue | Archer ×5 |
| 18:10 | Queue | Archer ×5 |
| 18:10 | Queue | Archer ×5 |
| 18:10 | Queue | Archer ×3 |
| 18:10 | Queue | Archer ×3 |
| 18:23 | Build | Stable |
| 18:24 | Build | Stable |
| 18:27 | Build | Stable |
| 18:27 | Build | Stable |
| 18:27 | Build | Stable |
| 18:28 | Build | Stable |
| 18:29 | Build | Stable |
| 18:29 | Build | Stable |
| 18:36 | Queue | Camel Scout ×5 |
| 18:37 | Queue | Camel Scout ×5 |
| 18:37 | Queue | Camel Scout ×5 |
| 18:37 | Queue | Camel Scout ×5 |
| 18:37 | Queue | Camel Scout ×5 |
| 18:38 | Queue | Camel Scout ×5 |
| 18:38 | Queue | Camel Scout ×5 |
| 18:38 | Queue | Camel Scout ×5 |
| 18:39 | Queue | Camel Scout ×5 |
| 18:39 | Queue | Camel Scout ×5 |
| 18:39 | Queue | Camel Scout ×5 |
| 18:40 | Queue | Camel Scout ×5 |
| 19:09 | Queue | Camel Scout ×5 |
| 19:10 | Queue | Camel Scout ×5 |
| 19:10 | Queue | Camel Scout ×5 |
| 19:10 | Queue | Camel Scout ×5 |
| 19:10 | Queue | Camel Scout ×5 |
Build order — Aytoonj
First 150 of 287 actions detected
| 11:23 | Research | Chain Mail Armor |
| 11:35 | Research | Chain Barding Armor |
| 11:36 | Research | Bodkin Arrow |
| 11:36 | Research | Leather Archer Armor |
| 11:39 | Research | Ballistics |
| 11:42 | Research | First Crusade |
| 15:54 | Build | Archery Range |
| 15:59 | Build | Stable |
| 16:21 | Build | Archery Range |
| 16:23 | Build | Archery Range |
| 16:23 | Build | Archery Range |
| 16:23 | Build | Archery Range |
| 16:24 | Build | Archery Range |
| 16:26 | Build | Stable |
| 16:26 | Build | Stable |
| 16:28 | Build | Stable |
| 16:29 | Build | Stable |
| 16:30 | Build | Stable |
| 16:31 | Build | Stable |
| 16:31 | Build | Stable |
| 16:32 | Build | Stable |
| 16:32 | Build | Stable |
| 16:33 | Build | Stable |
| 16:33 | Build | Stable |
| 16:34 | Build | Stable |
| 16:57 | Research | Crossbowman (upgrade) |
| 17:03 | Queue | Archer ×5 |
| 17:03 | Queue | Archer ×5 |
| 17:04 | Queue | Archer ×5 |
| 17:04 | Queue | Archer ×4 |
| 17:26 | Research | Bloodlines |
| 17:27 | Research | Husbandry |
| 17:28 | Queue | Knight ×5 |
| 17:28 | Queue | Knight ×5 |
| 17:29 | Queue | Knight ×3 |
| 17:29 | Queue | Knight ×3 |
| 17:31 | Build | Archery Range |
| 17:32 | Build | Archery Range |
| 17:33 | Build | Archery Range |
| 17:34 | Build | Archery Range |
| 17:36 | Build | Archery Range |
| 17:36 | Build | Archery Range |
| 17:38 | Build | Archery Range |
| 17:39 | Build | Archery Range |
| 17:39 | Build | Archery Range |
| 17:40 | Build | Archery Range |
| 17:42 | Build | Stable |
| 17:42 | Build | Stable |
| 17:44 | Queue | Archer ×5 |
| 17:44 | Queue | Archer ×5 |
| 17:44 | Queue | Archer ×5 |
| 18:15 | Build | Stable |
| 18:16 | Build | Stable |
| 18:18 | Queue | Knight ×5 |
| 18:18 | Queue | Knight ×5 |
| 18:19 | Queue | Knight ×5 |
| 18:20 | Queue | Archer ×3 |
| 18:20 | Queue | Archer ×3 |
| 18:23 | Build | Stable |
| 18:25 | Build | Stable |
| 18:25 | Build | Stable |
| 18:26 | Build | Stable |
| 18:26 | Build | Stable |
| 18:27 | Build | Stable |
| 18:28 | Build | Stable |
| 18:29 | Build | Stable |
| 18:29 | Build | Stable |
| 18:31 | Build | Stable |
| 18:31 | Build | Stable |
| 18:32 | Build | Stable |
| 18:32 | Build | Stable |
| 19:13 | Queue | Knight ×5 |
| 19:14 | Queue | Knight ×5 |
| 19:14 | Queue | Knight ×5 |
| 19:58 | Queue | Knight ×5 |
| 19:59 | Queue | Knight ×5 |
| 19:59 | Queue | Knight ×5 |
| 19:59 | Queue | Knight ×5 |
| 19:59 | Queue | Knight ×5 |
| 20:00 | Queue | Archer ×5 |
| 20:01 | Queue | Archer ×5 |
| 20:01 | Queue | Archer ×5 |
| 20:01 | Queue | Archer ×5 |
| 20:02 | Queue | Archer ×5 |
| 20:35 | Queue | Knight ×5 |
| 20:35 | Queue | Knight ×5 |
| 20:46 | Queue | Knight ×5 |
| 20:46 | Queue | Knight ×5 |
| 20:47 | Queue | Archer ×5 |
| 21:26 | Queue | Archer ×5 |
| 21:26 | Queue | Archer ×5 |
| 21:27 | Queue | Archer ×5 |
| 22:05 | Build | Guard Tower |
| 22:16 | Build | Guard Tower |
| 22:19 | Queue | Archer ×5 |
| 22:19 | Queue | Archer ×5 |
| 22:19 | Queue | Archer ×5 |
| 22:19 | Queue | Archer ×5 |
| 22:20 | Queue | Knight ×5 |
| 22:21 | Queue | Knight ×5 |
| 22:21 | Queue | Knight ×5 |
| 22:21 | Queue | Knight ×5 |
| 22:22 | Queue | Knight ×5 |
| 22:52 | Queue | Knight ×5 |
| 22:52 | Queue | Knight ×5 |
| 22:52 | Queue | Knight ×5 |
| 22:52 | Queue | Knight ×5 |
| 22:58 | Queue | Knight ×5 |
| 22:58 | Queue | Knight ×5 |
| 22:59 | Queue | Knight ×5 |
| 22:59 | Queue | Knight ×5 |
| 22:59 | Queue | Knight ×5 |
| 23:00 | Queue | Knight ×5 |
| 23:15 | Queue | Knight ×5 |
| 23:15 | Queue | Knight ×5 |
| 23:16 | Queue | Knight ×5 |
| 23:16 | Queue | Knight ×5 |
| 23:17 | Queue | Archer ×5 |
| 23:17 | Queue | Archer ×5 |
| 23:18 | Queue | Archer ×5 |
| 23:18 | Queue | Archer ×5 |
| 23:18 | Queue | Archer ×5 |
| 23:52 | Queue | Archer ×5 |
| 23:52 | Queue | Archer ×5 |
| 23:53 | Queue | Archer ×5 |
| 24:00 | Build | Archery Range |
| 24:43 | Queue | Knight ×5 |
| 24:44 | Queue | Knight ×5 |
| 24:44 | Queue | Knight ×5 |
| 24:44 | Queue | Knight ×5 |
| 24:45 | Queue | Archer ×5 |
| 24:46 | Queue | Archer ×5 |
| 24:46 | Queue | Archer ×5 |
| 24:48 | Build | Archery Range |
| 24:49 | Build | Archery Range |
| 24:51 | Build | Archery Range |
| 24:51 | Build | Archery Range |
| 24:53 | Build | Archery Range |
| 24:53 | Build | Archery Range |
| 24:55 | Build | Stable |
| 24:56 | Build | Stable |
| 24:58 | Build | Stable |
| 24:58 | Build | Stable |
| 25:11 | Build | Guard Tower |
| 25:15 | Queue | Knight ×5 |
| 25:15 | Queue | Knight ×5 |
| 25:15 | Queue | Knight ×5 |
| 25:23 | Queue | Knight ×5 |
| 25:23 | Queue | Knight ×5 |
| 25:24 | Queue | Knight ×5 |
Build order — Gullmack
First 150 of 177 actions detected
| 8:10 | Build | Archery Range |
| 8:11 | Build | Archery Range |
| 8:13 | Build | Archery Range |
| 8:16 | Build | Archery Range |
| 8:54 | Build | Stable |
| 10:39 | Research | Bloodlines |
| 10:47 | Build | Archery Range |
| 10:49 | Build | Archery Range |
| 10:52 | Build | Archery Range |
| 12:18 | Build | Archery Range |
| 12:19 | Build | Archery Range |
| 12:21 | Build | Archery Range |
| 12:23 | Build | Archery Range |
| 12:33 | Build | Archery Range |
| 12:35 | Build | Archery Range |
| 12:38 | Build | Archery Range |
| 12:47 | Build | Archery Range |
| 12:49 | Build | Archery Range |
| 17:52 | Research | Thumb Ring |
| 17:55 | Research | Husbandry |
| 17:59 | Research | Chain Barding Armor |
| 18:00 | Research | Iron Casting |
| 18:10 | Research | Chain Mail Armor |
| 18:11 | Research | Bodkin Arrow |
| 18:12 | Research | Leather Archer Armor |
| 18:15 | Research | Ballistics |
| 18:16 | Research | Guard Tower (upgrade) |
| 18:17 | Research | Careening |
| 18:18 | Research | Tech 908 |
| 18:57 | Queue | Cavalry Archer ×5 |
| 18:58 | Queue | Cavalry Archer ×5 |
| 18:58 | Queue | Cavalry Archer ×5 |
| 18:58 | Queue | Cavalry Archer ×5 |
| 18:58 | Queue | Cavalry Archer ×5 |
| 18:59 | Queue | Cavalry Archer ×5 |
| 18:59 | Queue | Cavalry Archer ×5 |
| 18:59 | Queue | Cavalry Archer ×5 |
| 19:00 | Queue | Cavalry Archer ×5 |
| 19:00 | Queue | Cavalry Archer ×5 |
| 19:00 | Queue | Cavalry Archer ×5 |
| 19:01 | Queue | Cavalry Archer ×5 |
| 19:01 | Queue | Cavalry Archer ×5 |
| 19:01 | Queue | Cavalry Archer ×5 |
| 19:01 | Queue | Cavalry Archer ×5 |
| 19:02 | Queue | Cavalry Archer ×5 |
| 19:02 | Queue | Cavalry Archer ×5 |
| 19:02 | Queue | Cavalry Archer ×5 |
| 19:03 | Queue | Cavalry Archer ×5 |
| 19:03 | Queue | Cavalry Archer ×5 |
| 19:03 | Queue | Cavalry Archer ×5 |
| 19:03 | Queue | Cavalry Archer ×5 |
| 19:04 | Queue | Cavalry Archer ×5 |
| 19:04 | Queue | Cavalry Archer ×5 |
| 19:04 | Queue | Cavalry Archer ×5 |
| 19:05 | Queue | Cavalry Archer ×5 |
| 19:05 | Queue | Cavalry Archer ×5 |
| 19:05 | Queue | Cavalry Archer ×5 |
| 19:05 | Queue | Cavalry Archer ×5 |
| 19:06 | Queue | Cavalry Archer ×5 |
| 19:06 | Queue | Cavalry Archer ×5 |
| 19:06 | Queue | Cavalry Archer ×5 |
| 19:07 | Queue | Cavalry Archer ×5 |
| 19:07 | Queue | Cavalry Archer ×5 |
| 19:07 | Queue | Cavalry Archer ×5 |
| 19:07 | Queue | Cavalry Archer ×5 |
| 19:08 | Queue | Cavalry Archer ×5 |
| 22:02 | Queue | Cavalry Archer ×5 |
| 22:02 | Queue | Cavalry Archer ×5 |
| 22:02 | Queue | Cavalry Archer ×5 |
| 22:03 | Queue | Cavalry Archer ×5 |
| 22:03 | Queue | Cavalry Archer ×5 |
| 22:03 | Queue | Cavalry Archer ×5 |
| 22:04 | Queue | Cavalry Archer ×5 |
| 22:04 | Queue | Cavalry Archer ×5 |
| 22:04 | Queue | Cavalry Archer ×5 |
| 22:05 | Queue | Cavalry Archer ×5 |
| 22:05 | Queue | Cavalry Archer ×5 |
| 22:05 | Queue | Cavalry Archer ×5 |
| 22:05 | Queue | Cavalry Archer ×5 |
| 22:06 | Queue | Cavalry Archer ×5 |
| 24:03 | Queue | Cavalry Archer ×5 |
| 24:04 | Queue | Cavalry Archer ×5 |
| 24:04 | Queue | Cavalry Archer ×5 |
| 24:04 | Queue | Cavalry Archer ×5 |
| 24:05 | Queue | Cavalry Archer ×5 |
| 24:05 | Queue | Cavalry Archer ×5 |
| 24:05 | Queue | Cavalry Archer ×5 |
| 24:05 | Queue | Cavalry Archer ×5 |
| 25:17 | Queue | Cavalry Archer ×5 |
| 25:17 | Queue | Cavalry Archer ×5 |
| 25:17 | Queue | Cavalry Archer ×5 |
| 25:18 | Queue | Cavalry Archer ×5 |
| 25:18 | Queue | Cavalry Archer ×4 |
| 25:18 | Queue | Cavalry Archer ×4 |
| 25:19 | Queue | Cavalry Archer ×4 |
| 25:19 | Queue | Cavalry Archer ×4 |
| 27:10 | Queue | Cavalry Archer ×5 |
| 27:10 | Queue | Cavalry Archer ×5 |
| 27:11 | Queue | Cavalry Archer ×5 |
| 27:11 | Queue | Cavalry Archer ×5 |
| 27:11 | Queue | Cavalry Archer ×5 |
| 27:12 | Queue | Cavalry Archer ×5 |
| 27:12 | Queue | Cavalry Archer ×5 |
| 27:12 | Queue | Cavalry Archer ×5 |
| 27:13 | Queue | Cavalry Archer |
| 27:13 | Queue | Cavalry Archer |
| 28:48 | Queue | Cavalry Archer ×5 |
| 28:49 | Queue | Cavalry Archer ×5 |
| 28:49 | Queue | Cavalry Archer ×5 |
| 28:49 | Queue | Cavalry Archer ×5 |
| 28:50 | Queue | Cavalry Archer ×5 |
| 28:51 | Queue | Cavalry Archer ×5 |
| 28:51 | Queue | Cavalry Archer ×5 |
| 28:51 | Queue | Cavalry Archer ×5 |
| 28:52 | Queue | Cavalry Archer ×2 |
| 29:53 | Queue | Cavalry Archer ×5 |
| 29:54 | Queue | Cavalry Archer ×5 |
| 29:54 | Queue | Cavalry Archer ×5 |
| 29:55 | Queue | Cavalry Archer ×2 |
| 30:05 | Queue | Cavalry Archer ×5 |
| 30:05 | Queue | Cavalry Archer ×5 |
| 30:06 | Queue | Cavalry Archer ×2 |
| 30:06 | Queue | Cavalry Archer ×2 |
| 30:42 | Queue | Cavalry Archer ×5 |
| 30:43 | Queue | Cavalry Archer ×5 |
| 30:43 | Queue | Cavalry Archer ×5 |
| 30:43 | Queue | Cavalry Archer ×5 |
| 31:48 | Queue | Cavalry Archer ×5 |
| 31:50 | Queue | Cavalry Archer ×5 |
| 31:51 | Queue | Cavalry Archer ×5 |
| 31:51 | Queue | Cavalry Archer ×2 |
| 31:56 | Queue | Cavalry Archer ×5 |
| 31:56 | Queue | Cavalry Archer ×5 |
| 31:57 | Queue | Cavalry Archer ×5 |
| 31:57 | Queue | Cavalry Archer ×5 |
| 31:57 | Queue | Cavalry Archer ×2 |
| 32:44 | Research | Heavy Cavalry Archer (upgrade) |
| 32:52 | Research | Heavy Cavalry Archer (upgrade) |
| 32:59 | Research | Parthian Tactics |
| 33:02 | Research | Plate Barding Armor |
| 33:04 | Research | Blast Furnace |
| 33:05 | Research | Plate Mail Armor |
| 33:06 | Research | Bracer |
| 33:09 | Research | Chemistry |
| 33:10 | Research | Siege Engineers |
| 33:11 | Research | Keep (upgrade) |
| 33:15 | Queue | Cavalry Archer ×5 |
| 33:16 | Queue | Cavalry Archer |
| 33:16 | Queue | Cavalry Archer ×5 |
| 33:17 | Queue | Cavalry Archer ×5 |
Build order — Wicho
First 150 of 342 actions detected
| 12:52 | Research | Silk Road |
| 12:57 | Research | Ballistics |
| 12:57 | Research | Treadmill Crane |
| 13:00 | Research | Bodkin Arrow |
| 13:00 | Research | Leather Archer Armor |
| 13:00 | Research | Iron Casting |
| 13:01 | Research | Chain Mail Armor |
| 13:01 | Research | Chain Barding Armor |
| 13:04 | Research | Guard Tower (upgrade) |
| 14:35 | Build | Archery Range |
| 14:39 | Build | Archery Range |
| 14:42 | Build | Archery Range |
| 14:45 | Build | Archery Range |
| 15:26 | Research | Thumb Ring |
| 15:27 | Research | Crossbowman (upgrade) |
| 15:32 | Queue | Archer ×5 |
| 15:33 | Queue | Archer ×5 |
| 15:33 | Queue | Archer ×5 |
| 15:33 | Queue | Archer ×5 |
| 15:39 | Build | Archery Range |
| 15:40 | Build | Archery Range |
| 15:42 | Build | Archery Range |
| 15:43 | Build | Archery Range |
| 16:05 | Queue | Archer ×5 |
| 16:06 | Queue | Archer ×5 |
| 16:06 | Queue | Archer ×5 |
| 16:16 | Queue | Archer ×5 |
| 16:16 | Queue | Archer ×5 |
| 17:07 | Queue | Archer ×5 |
| 17:07 | Queue | Archer ×5 |
| 17:08 | Queue | Archer ×5 |
| 17:08 | Queue | Archer ×5 |
| 17:09 | Queue | Archer ×5 |
| 17:28 | Queue | Archer ×5 |
| 17:28 | Queue | Archer ×5 |
| 17:29 | Queue | Archer ×5 |
| 17:29 | Queue | Archer ×5 |
| 17:30 | Queue | Archer ×5 |
| 17:30 | Queue | Archer ×5 |
| 17:31 | Queue | Archer ×3 |
| 17:33 | Queue | Archer |
| 17:52 | Build | Barracks |
| 17:54 | Build | Barracks |
| 17:55 | Build | Barracks |
| 17:57 | Build | Barracks |
| 18:03 | Research | Arbalester (upgrade) |
| 18:05 | Research | Spies/Treason |
| 18:05 | Research | Elite Genoese Crossbowman (upgrade) |
| 18:05 | Research | Conscription |
| 18:08 | Research | Bracer |
| 18:08 | Research | Ring Archer Armor |
| 18:09 | Research | Blast Furnace |
| 18:09 | Research | Plate Barding Armor |
| 18:10 | Research | Plate Mail Armor |
| 18:12 | Research | Chemistry |
| 18:12 | Research | Arrowslits |
| 18:12 | Research | Keep (upgrade) |
| 18:16 | Queue | Archer ×5 |
| 18:16 | Queue | Archer ×5 |
| 18:16 | Queue | Archer ×5 |
| 18:17 | Queue | Archer ×5 |
| 18:18 | Queue | Archer ×5 |
| 18:42 | Queue | Archer ×5 |
| 18:42 | Queue | Archer ×5 |
| 18:42 | Queue | Archer ×5 |
| 18:43 | Queue | Archer |
| 18:44 | Queue | Archer |
| 18:54 | Queue | Archer ×4 |
| 18:55 | Queue | Archer ×2 |
| 18:56 | Queue | Archer ×5 |
| 18:56 | Queue | Archer ×5 |
| 19:00 | Research | Long Swordsman (upgrade) |
| 19:02 | Research | Squires |
| 19:02 | Research | Arson |
| 19:18 | Queue | Unit 882 ×5 |
| 19:18 | Queue | Unit 882 ×5 |
| 19:18 | Queue | Unit 882 ×5 |
| 19:19 | Queue | Unit 882 ×2 |
| 19:22 | Queue | Archer ×5 |
| 19:22 | Queue | Archer ×5 |
| 19:23 | Queue | Archer ×5 |
| 19:23 | Queue | Archer |
| 19:24 | Queue | Archer |
| 19:38 | Queue | Unit 882 ×5 |
| 19:39 | Queue | Unit 882 ×5 |
| 19:39 | Queue | Unit 882 ×5 |
| 19:39 | Queue | Unit 882 ×5 |
| 19:43 | Queue | Archer ×2 |
| 19:44 | Queue | Archer |
| 19:47 | Build | Barracks |
| 19:48 | Build | Barracks |
| 19:50 | Build | Barracks |
| 19:51 | Build | Barracks |
| 19:54 | Research | Two-Handed Swordsman (upgrade) |
| 19:57 | Queue | Unit 882 ×5 |
| 19:57 | Queue | Unit 882 ×5 |
| 19:57 | Queue | Unit 882 ×5 |
| 19:58 | Queue | Unit 882 ×5 |
| 20:00 | Queue | Archer ×5 |
| 20:27 | Queue | Unit 882 ×2 |
| 20:27 | Queue | Unit 882 ×3 |
| 20:28 | Queue | Unit 882 ×3 |
| 20:44 | Research | Champion (upgrade) |
| 20:45 | Queue | Unit 882 ×5 |
| 20:45 | Queue | Unit 882 ×5 |
| 20:45 | Queue | Unit 882 ×5 |
| 20:46 | Queue | Unit 882 ×5 |
| 20:46 | Queue | Unit 882 ×5 |
| 20:46 | Queue | Unit 882 ×5 |
| 20:49 | Queue | Archer ×5 |
| 20:50 | Queue | Archer ×5 |
| 20:50 | Queue | Archer ×5 |
| 20:51 | Queue | Archer ×5 |
| 20:51 | Queue | Archer ×5 |
| 20:54 | Queue | Archer ×2 |
| 20:55 | Queue | Archer ×2 |
| 21:18 | Queue | Unit 882 ×5 |
| 21:18 | Queue | Unit 882 ×5 |
| 21:19 | Queue | Unit 882 ×5 |
| 21:19 | Queue | Unit 882 ×5 |
| 21:19 | Queue | Unit 882 ×5 |
| 21:20 | Queue | Unit 882 ×5 |
| 21:20 | Queue | Unit 882 ×2 |
| 21:25 | Queue | Archer ×5 |
| 21:25 | Queue | Archer ×4 |
| 21:26 | Queue | Archer |
| 22:02 | Queue | Unit 882 ×5 |
| 22:06 | Queue | Unit 882 ×5 |
| 22:07 | Queue | Unit 882 ×5 |
| 22:07 | Queue | Unit 882 ×5 |
| 22:07 | Queue | Unit 882 ×5 |
| 22:08 | Queue | Unit 882 ×5 |
| 22:08 | Queue | Unit 882 ×5 |
| 22:08 | Queue | Unit 882 ×5 |
| 22:12 | Queue | Archer ×5 |
| 22:13 | Queue | Archer ×5 |
| 22:13 | Queue | Archer ×5 |
| 22:13 | Queue | Archer ×5 |
| 22:17 | Build | Archery Range |
| 22:18 | Queue | Spearman |
| 22:18 | Queue | Militia |
| 22:26 | Build | Barracks |
| 22:57 | Queue | Militia ×5 |
| 23:01 | Queue | Archer ×5 |
| 23:01 | Queue | Archer ×5 |
| 23:02 | Queue | Archer ×5 |
| 23:02 | Queue | Archer ×5 |
| 23:21 | Queue | Archer ×5 |
| 23:21 | Queue | Archer ×5 |
| 23:22 | Queue | Archer ×5 |
Build order — mastercuy835
62 actions detected in the replay
| 19:10 | Research | Chain Barding Armor |
| 19:14 | Research | Ballistics |
| 19:34 | Research | Iron Casting |
| 20:36 | Research | Chain Mail Armor |
| 21:37 | Research | Careening |
| 21:41 | Research | Leather Archer Armor |
| 21:41 | Research | Bodkin Arrow |
| 25:05 | Research | Tech 908 |
| 27:50 | Build | Stable |
| 27:51 | Build | Stable |
| 27:53 | Build | Stable |
| 28:09 | Build | Stable |
| 28:11 | Build | Stable |
| 28:12 | Build | Stable |
| 28:14 | Build | Stable |
| 29:16 | Research | Bloodlines |
| 29:20 | Research | Husbandry |
| 30:13 | Build | Watch Tower |
| 30:13 | Build | Watch Tower |
| 30:14 | Build | Watch Tower |
| 30:15 | Build | Watch Tower |
| 30:16 | Build | Watch Tower |
| 30:17 | Build | Watch Tower |
| 30:17 | Build | Watch Tower |
| 30:18 | Build | Watch Tower |
| 30:29 | Research | Light Cavalry (upgrade) |
| 31:11 | Build | Stable |
| 31:13 | Build | Stable |
| 31:14 | Build | Stable |
| 31:15 | Build | Stable |
| 31:17 | Build | Stable |
| 31:18 | Build | Stable |
| 31:20 | Build | Stable |
| 31:21 | Build | Stable |
| 31:27 | Build | Watch Tower |
| 31:28 | Build | Watch Tower |
| 31:28 | Build | Watch Tower |
| 31:29 | Build | Watch Tower |
| 31:29 | Build | Watch Tower |
| 31:30 | Build | Watch Tower |
| 31:31 | Build | Watch Tower |
| 31:32 | Build | Watch Tower |
| 31:32 | Build | Watch Tower |
| 31:34 | Build | Watch Tower |
| 31:35 | Build | Watch Tower |
| 31:35 | Build | Watch Tower |
| 31:37 | Build | Watch Tower |
| 31:37 | Build | Watch Tower |
| 31:38 | Build | Watch Tower |
| 31:51 | Build | Monastery |
| 35:14 | Build | Siege Workshop |
| 35:37 | Queue | Battering Ram |
| 35:38 | Queue | Battering Ram |
| 35:38 | Queue | Battering Ram |
| 35:39 | Queue | Battering Ram |
| 35:39 | Queue | Battering Ram |
| 35:40 | Queue | Battering Ram |
| 35:40 | Queue | Battering Ram |
| 35:47 | Build | Watch Tower |
| 36:29 | Queue | Battering Ram |
| 36:30 | Queue | Battering Ram |
| 36:40 | Build | Watch Tower |
Build order — TINCHAN
80 actions detected in the replay
| 13:25 | Build | Stone Wall |
| 13:28 | Build | Gate |
| 15:56 | Build | Stable |
| 15:58 | Build | Stable |
| 16:01 | Build | Stable |
| 18:07 | Build | Stable |
| 18:08 | Build | Stable |
| 18:09 | Build | Stable |
| 19:21 | Research | Iron Casting |
| 19:22 | Research | Chain Barding Armor |
| 19:23 | Research | Bodkin Arrow |
| 19:24 | Research | Leather Archer Armor |
| 19:24 | Research | Chain Mail Armor |
| 19:27 | Research | Bearded Axe |
| 19:30 | Research | Husbandry |
| 19:31 | Queue | Knight ×5 |
| 19:31 | Queue | Knight ×5 |
| 19:32 | Queue | Knight ×5 |
| 19:32 | Queue | Knight ×5 |
| 19:32 | Queue | Knight ×5 |
| 20:04 | Queue | Knight ×5 |
| 20:04 | Queue | Knight ×5 |
| 20:04 | Queue | Knight ×5 |
| 20:08 | Build | Stable |
| 20:11 | Build | Stable |
| 20:13 | Build | Stable |
| 20:37 | Queue | Knight ×5 |
| 20:37 | Queue | Knight ×5 |
| 20:37 | Queue | Knight ×5 |
| 20:38 | Queue | Knight ×5 |
| 20:38 | Queue | Knight ×5 |
| 20:38 | Queue | Knight ×5 |
| 20:48 | Research | Ballistics |
| 20:49 | Research | Guard Tower (upgrade) |
| 20:49 | Research | Tech 909 |
| 21:04 | Build | Stable |
| 21:13 | Build | Stable |
| 21:39 | Queue | Knight ×5 |
| 21:40 | Queue | Knight ×5 |
| 21:40 | Queue | Knight ×5 |
| 21:40 | Queue | Knight ×5 |
| 21:41 | Queue | Knight ×5 |
| 21:41 | Queue | Knight ×5 |
| 22:05 | Build | Stable |
| 22:07 | Build | Stable |
| 22:08 | Build | Stable |
| 22:10 | Build | Stable |
| 22:20 | Queue | Knight ×5 |
| 22:20 | Queue | Knight ×5 |
| 22:21 | Queue | Knight ×5 |
| 22:21 | Queue | Knight ×5 |
| 22:21 | Queue | Knight ×5 |
| 22:22 | Queue | Knight ×5 |
| 22:22 | Queue | Knight ×4 |
| 22:46 | Queue | Knight ×5 |
| 22:46 | Queue | Knight ×5 |
| 22:46 | Queue | Knight |
| 23:13 | Queue | Knight ×5 |
| 23:14 | Queue | Knight ×5 |
| 23:14 | Queue | Knight ×5 |
| 23:14 | Queue | Knight ×5 |
| 23:15 | Queue | Knight ×5 |
| 23:15 | Queue | Knight ×2 |
| 23:48 | Queue | Knight ×5 |
| 23:48 | Queue | Knight ×5 |
| 23:48 | Queue | Knight ×3 |
| 23:50 | Queue | Knight |
| 23:51 | Queue | Knight |
| 24:20 | Queue | Knight ×5 |
| 24:20 | Queue | Knight ×5 |
| 24:21 | Queue | Knight ×5 |
| 24:21 | Queue | Knight ×5 |
| 24:44 | Queue | Knight ×5 |
| 24:45 | Queue | Knight ×5 |
| 24:45 | Queue | Knight ×5 |
| 25:01 | Queue | Knight ×5 |
| 25:01 | Queue | Knight ×5 |
| 25:02 | Queue | Knight ×5 |
| 25:02 | Queue | Knight ×5 |
| 25:02 | Queue | Knight ×5 |
Build order — DD2E Antares de la Luz
First 150 of 182 actions detected
| 17:12 | Research | Chain Barding Armor |
| 17:13 | Research | Iron Casting |
| 17:14 | Research | Bodkin Arrow |
| 17:15 | Research | Leather Archer Armor |
| 18:23 | Build | Stone Wall |
| 18:29 | Build | Gate |
| 19:22 | Build | Archery Range |
| 19:23 | Build | Archery Range |
| 19:26 | Build | Archery Range |
| 19:28 | Build | Archery Range |
| 20:28 | Research | Crossbowman (upgrade) |
| 20:52 | Research | Ballistics |
| 20:52 | Research | Guard Tower (upgrade) |
| 20:53 | Research | Tech 909 |
| 20:54 | Research | Tech 908 |
| 20:55 | Research | Careening |
| 20:55 | Research | Treadmill Crane |
| 20:57 | Research | Chain Mail Armor |
| 22:11 | Queue | Archer ×5 |
| 22:12 | Queue | Archer ×5 |
| 22:12 | Queue | Archer ×5 |
| 22:12 | Queue | Archer ×5 |
| 22:12 | Queue | Archer ×5 |
| 22:13 | Queue | Archer ×5 |
| 22:13 | Queue | Archer ×5 |
| 22:13 | Queue | Archer ×5 |
| 23:27 | Queue | Archer |
| 23:27 | Queue | Archer |
| 23:28 | Queue | Archer |
| 23:28 | Queue | Archer |
| 23:28 | Queue | Archer |
| 23:29 | Queue | Archer |
| 23:29 | Queue | Archer |
| 23:29 | Queue | Archer |
| 23:30 | Queue | Archer |
| 23:30 | Queue | Archer |
| 23:30 | Queue | Archer |
| 23:31 | Queue | Archer |
| 23:31 | Queue | Archer |
| 23:31 | Queue | Archer |
| 23:31 | Queue | Archer |
| 23:32 | Queue | Archer |
| 23:32 | Queue | Archer |
| 23:53 | Build | Archery Range |
| 23:55 | Build | Archery Range |
| 24:03 | Build | Stone Wall |
| 24:08 | Build | Gate |
| 24:25 | Build | Archery Range |
| 25:39 | Queue | Archer |
| 25:40 | Queue | Archer |
| 25:40 | Queue | Archer |
| 25:40 | Queue | Archer |
| 25:40 | Queue | Archer |
| 25:40 | Queue | Archer |
| 25:41 | Queue | Archer |
| 25:41 | Queue | Archer |
| 25:42 | Queue | Archer |
| 25:42 | Queue | Archer |
| 25:42 | Queue | Archer |
| 25:42 | Queue | Archer |
| 25:42 | Queue | Archer |
| 25:43 | Queue | Archer |
| 25:43 | Queue | Archer |
| 25:43 | Queue | Archer |
| 25:44 | Queue | Archer |
| 25:44 | Queue | Archer |
| 25:44 | Queue | Archer |
| 25:44 | Queue | Archer |
| 25:45 | Queue | Archer |
| 25:45 | Queue | Archer |
| 25:45 | Queue | Archer |
| 25:45 | Queue | Archer |
| 26:05 | Build | Archery Range |
| 26:07 | Build | Archery Range |
| 26:34 | Research | Plate Barding Armor |
| 26:35 | Research | Blast Furnace |
| 26:36 | Research | Bracer |
| 26:41 | Research | Chemistry |
| 26:42 | Research | Arrowslits |
| 26:42 | Research | Keep (upgrade) |
| 26:53 | Research | Conscription |
| 27:52 | Build | Archery Range |
| 27:54 | Build | Archery Range |
| 28:54 | Queue | Hand Cannoneer |
| 28:54 | Queue | Hand Cannoneer |
| 28:55 | Queue | Hand Cannoneer |
| 28:55 | Queue | Hand Cannoneer |
| 28:55 | Queue | Hand Cannoneer |
| 28:55 | Queue | Hand Cannoneer |
| 28:56 | Queue | Hand Cannoneer |
| 28:56 | Queue | Hand Cannoneer |
| 28:56 | Queue | Hand Cannoneer |
| 28:56 | Queue | Hand Cannoneer |
| 28:57 | Queue | Hand Cannoneer |
| 28:57 | Queue | Hand Cannoneer |
| 28:57 | Queue | Hand Cannoneer |
| 29:20 | Queue | Hand Cannoneer |
| 29:20 | Queue | Hand Cannoneer |
| 29:20 | Queue | Hand Cannoneer |
| 29:20 | Queue | Hand Cannoneer |
| 29:21 | Queue | Hand Cannoneer |
| 29:21 | Queue | Hand Cannoneer |
| 29:21 | Queue | Hand Cannoneer |
| 29:21 | Queue | Hand Cannoneer |
| 29:22 | Queue | Hand Cannoneer |
| 29:22 | Queue | Hand Cannoneer |
| 29:22 | Queue | Hand Cannoneer |
| 29:22 | Queue | Hand Cannoneer |
| 29:23 | Queue | Hand Cannoneer |
| 29:23 | Queue | Hand Cannoneer |
| 29:23 | Queue | Hand Cannoneer |
| 29:23 | Queue | Hand Cannoneer |
| 29:24 | Queue | Hand Cannoneer |
| 29:24 | Queue | Hand Cannoneer |
| 29:24 | Queue | Hand Cannoneer |
| 29:24 | Queue | Hand Cannoneer |
| 29:25 | Queue | Hand Cannoneer |
| 29:25 | Queue | Hand Cannoneer |
| 29:25 | Queue | Hand Cannoneer |
| 29:25 | Queue | Hand Cannoneer |
| 29:26 | Queue | Hand Cannoneer |
| 29:26 | Queue | Hand Cannoneer |
| 29:26 | Queue | Hand Cannoneer |
| 29:26 | Queue | Hand Cannoneer |
| 29:27 | Queue | Hand Cannoneer |
| 29:27 | Queue | Hand Cannoneer |
| 29:27 | Queue | Hand Cannoneer |
| 29:28 | Queue | Hand Cannoneer |
| 29:28 | Queue | Hand Cannoneer |
| 29:28 | Queue | Hand Cannoneer |
| 29:28 | Queue | Hand Cannoneer |
| 30:01 | Research | Burgundian Vineyards |
| 30:03 | Research | Elite Coustillier (upgrade) |
| 30:05 | Research | Sappers |
| 30:06 | Research | Spies/Treason |
| 30:29 | Queue | Hand Cannoneer |
| 30:30 | Queue | Hand Cannoneer |
| 30:30 | Queue | Hand Cannoneer |
| 30:30 | Queue | Hand Cannoneer |
| 30:30 | Queue | Hand Cannoneer |
| 30:31 | Queue | Hand Cannoneer |
| 30:31 | Queue | Hand Cannoneer |
| 30:31 | Queue | Hand Cannoneer |
| 30:31 | Queue | Hand Cannoneer |
| 30:32 | Queue | Hand Cannoneer |
| 30:32 | Queue | Hand Cannoneer |
| 30:32 | Queue | Hand Cannoneer |
| 30:33 | Queue | Hand Cannoneer |
| 30:33 | Queue | Hand Cannoneer |
| 30:33 | Queue | Hand Cannoneer |
Build order — Monkey
First 150 of 514 actions detected
| 9:24 | Build | Stable |
| 9:25 | Build | Stable |
| 9:27 | Build | Stable |
| 9:30 | Build | Stable |
| 9:32 | Build | Stable |
| 9:34 | Build | Stable |
| 9:36 | Build | Stable |
| 9:38 | Build | Stable |
| 9:40 | Build | Stable |
| 9:42 | Build | Stable |
| 9:44 | Build | Stable |
| 9:45 | Build | Stable |
| 12:30 | Build | Archery Range |
| 12:32 | Build | Archery Range |
| 12:33 | Build | Archery Range |
| 12:34 | Build | Archery Range |
| 16:31 | Research | Bloodlines |
| 16:32 | Research | Husbandry |
| 16:38 | Research | Hill Forts |
| 17:04 | Queue | Knight ×5 |
| 17:04 | Queue | Knight ×5 |
| 17:05 | Queue | Knight ×5 |
| 17:05 | Queue | Knight ×5 |
| 17:05 | Queue | Knight ×5 |
| 17:06 | Queue | Knight ×5 |
| 17:06 | Queue | Knight ×5 |
| 17:06 | Queue | Knight ×5 |
| 17:06 | Queue | Knight ×5 |
| 17:07 | Queue | Knight |
| 17:07 | Queue | Knight |
| 17:07 | Queue | Knight |
| 17:08 | Queue | Knight |
| 17:08 | Queue | Knight |
| 17:09 | Queue | Knight |
| 18:00 | Queue | Knight ×5 |
| 18:00 | Queue | Knight ×5 |
| 18:01 | Queue | Knight ×3 |
| 18:01 | Queue | Knight ×3 |
| 18:02 | Queue | Knight |
| 18:02 | Queue | Knight |
| 18:02 | Queue | Knight |
| 18:06 | Queue | Knight |
| 18:06 | Queue | Knight |
| 19:50 | Queue | Knight |
| 19:50 | Queue | Knight |
| 19:50 | Queue | Knight |
| 19:51 | Queue | Knight |
| 19:51 | Queue | Knight |
| 19:51 | Queue | Knight |
| 19:51 | Queue | Knight |
| 19:52 | Queue | Knight |
| 19:52 | Queue | Knight |
| 19:52 | Queue | Knight |
| 19:52 | Queue | Knight |
| 19:53 | Queue | Knight |
| 19:53 | Queue | Knight |
| 19:53 | Queue | Knight |
| 19:54 | Queue | Knight |
| 19:54 | Queue | Knight |
| 19:54 | Queue | Knight |
| 19:55 | Queue | Knight |
| 19:55 | Queue | Knight |
| 20:02 | Queue | Knight |
| 20:02 | Queue | Knight |
| 20:03 | Queue | Knight |
| 20:33 | Queue | Knight |
| 20:33 | Queue | Knight |
| 20:34 | Queue | Knight |
| 20:34 | Queue | Knight |
| 20:35 | Queue | Knight |
| 20:35 | Queue | Knight |
| 20:35 | Queue | Knight |
| 20:35 | Queue | Knight |
| 20:48 | Research | Iron Casting |
| 20:49 | Research | Chain Barding Armor |
| 20:50 | Research | Leather Archer Armor |
| 20:50 | Research | Bodkin Arrow |
| 20:51 | Research | Chain Mail Armor |
| 20:54 | Research | Ballistics |
| 20:56 | Research | Treadmill Crane |
| 20:57 | Research | Careening |
| 20:57 | Research | Tech 908 |
| 20:58 | Research | Guard Tower (upgrade) |
| 21:30 | Queue | Knight ×4 |
| 21:31 | Queue | Knight ×4 |
| 21:31 | Queue | Knight ×4 |
| 21:32 | Queue | Knight |
| 22:02 | Queue | Knight ×4 |
| 22:02 | Queue | Knight ×4 |
| 22:05 | Queue | Knight |
| 23:03 | Build | Stable |
| 23:05 | Build | Stable |
| 23:09 | Queue | Knight ×5 |
| 23:10 | Queue | Knight ×5 |
| 23:10 | Queue | Knight ×5 |
| 23:10 | Queue | Knight ×5 |
| 23:29 | Build | Archery Range |
| 23:31 | Build | Archery Range |
| 23:34 | Build | Archery Range |
| 23:40 | Build | Archery Range |
| 24:05 | Build | Archery Range |
| 24:10 | Build | Archery Range |
| 24:11 | Build | Archery Range |
| 25:23 | Queue | Cavalry Archer ×5 |
| 25:24 | Queue | Cavalry Archer ×5 |
| 25:24 | Queue | Cavalry Archer ×5 |
| 25:24 | Queue | Cavalry Archer ×5 |
| 25:25 | Queue | Cavalry Archer ×5 |
| 25:25 | Queue | Cavalry Archer ×5 |
| 25:25 | Queue | Cavalry Archer ×5 |
| 25:37 | Queue | Knight ×5 |
| 25:38 | Queue | Knight ×5 |
| 25:38 | Queue | Knight ×5 |
| 25:38 | Queue | Knight ×5 |
| 25:39 | Queue | Knight ×5 |
| 25:39 | Queue | Knight ×5 |
| 25:39 | Queue | Knight ×5 |
| 25:39 | Queue | Knight |
| 25:40 | Queue | Knight |
| 25:40 | Queue | Knight |
| 25:40 | Queue | Knight |
| 25:41 | Queue | Knight |
| 25:41 | Queue | Knight |
| 25:42 | Queue | Knight |
| 25:42 | Queue | Knight |
| 25:42 | Queue | Knight |
| 25:43 | Queue | Knight |
| 25:43 | Queue | Knight |
| 25:43 | Queue | Knight |
| 26:03 | Queue | Knight ×3 |
| 26:03 | Queue | Knight ×3 |
| 26:03 | Queue | Knight ×3 |
| 26:05 | Queue | Knight |
| 26:05 | Queue | Knight |
| 26:06 | Queue | Knight |
| 26:08 | Queue | Cavalry Archer ×5 |
| 26:08 | Queue | Cavalry Archer ×5 |
| 26:09 | Queue | Cavalry Archer ×5 |
| 26:09 | Queue | Cavalry Archer ×5 |
| 26:10 | Queue | Cavalry Archer ×2 |
| 26:32 | Research | Cavalier (upgrade) |
| 26:40 | Research | Heavy Cavalry Archer (upgrade) |
| 26:43 | Queue | Cavalry Archer ×5 |
| 26:43 | Queue | Cavalry Archer ×5 |
| 26:44 | Queue | Cavalry Archer ×5 |
| 26:44 | Queue | Cavalry Archer ×5 |
| 26:44 | Queue | Cavalry Archer ×5 |
| 26:46 | Queue | Cavalry Archer |
| 26:47 | Queue | Cavalry Archer |
| 26:53 | Research | Spies/Treason |
Match timeline
| 7:44 | Aegis · first_building Stable |
| 8:10 | Gullmack · first_building Archery Range |
| 8:54 | Gullmack · first_building Stable |
| 9:24 | Monkey · first_building Stable |
| 12:30 | Monkey · first_building Archery Range |
| 13:25 | TINCHAN · wall_segment Stone Wall x15 |
| 14:35 | Wicho · first_building Archery Range |
| 15:54 | Aytoonj · first_building Archery Range |
| 15:56 | TINCHAN · first_building Stable |
| 15:59 | Aytoonj · first_building Stable |
| 16:10 | Aegis · first_building Archery Range |
| 17:52 | Wicho · first_building Barracks |
| 18:23 | DD2E Antares de la Luz · wall_segment Stone Wall x13 |
| 19:22 | DD2E Antares de la Luz · first_building Archery Range |
| 24:03 | DD2E Antares de la Luz · wall_segment Stone Wall x19 |
| 26:21 | TINCHAN · resign |
| 27:11 | Aytoonj · first_building Siege Workshop |
| 27:50 | mastercuy835 · first_building Stable |
| 31:12 | Aytoonj · wall_segment Palisade Wall x15 |
| 31:51 | mastercuy835 · first_building Monastery |
| 32:48 | Aytoonj · wall_segment Palisade Wall x1 |
| 32:49 | Aytoonj · wall_segment Palisade Wall x1 |
| 33:00 | Aytoonj · wall_segment Palisade Wall x1 |
| 33:05 | Aytoonj · wall_segment Palisade Wall x1 |
| 33:10 | Aytoonj · wall_segment Palisade Wall x1 |
| 33:19 | Aytoonj · wall_segment Palisade Wall x1 |
| 33:27 | Aytoonj · wall_segment Palisade Wall x1 |
| 33:30 | Aytoonj · wall_segment Palisade Wall x1 |
| 34:26 | Aytoonj · wall_segment Palisade Wall x2 |
| 34:29 | Aytoonj · wall_segment Palisade Wall x1 |
| 35:14 | mastercuy835 · first_building Siege Workshop |
| 37:10 | Aytoonj · wall_segment Palisade Wall x1 |
[ AI ANALYSIS · 1 CREDIT ]
What really happened in this match?
Wolo.gg analyzes every decision: build order, eco, micro, common mistakes by bracket. Personalized analysis on WhatsApp or Discord in 30 seconds.
Civ guide
Byzantines
Perfil
Jugador #696907